 Dungeon Crawl Stone Soup version 0.30-a0-568-g124715a40b (webtiles) character file.

Game seed: 10681990956489033478

219 sokol815 the Cutter (level 6, 0/37 HPs)
             Began as a Kobold Delver on Dec 28, 2022.
             Slain by a troll (5 damage)
             ... on level 4 of the Dungeon.
             The game lasted 00:05:14 (3474 turns).

sokol815 the Cutter (Kobold Delver)                 Turns: 3474, Time: 00:05:15

Health: 0/37       AC:  3    Str:  9    XL:     6   Next: 17%
Magic:  6/6        EV: 14    Int: 12    God:
Gold:   186        SH:  0    Dex: 18    Spells: 5/5 levels left

rFire   + . .      SeeInvis .    a - +2 short sword (drain)
rCold   . . .      Faith    .    (no shield)
rNeg    . . .      Spirit   .    b - +0 leather armour
rPois   .          Reflect  .    (no helmet)
rElec   .          Harm     .    (no cloak)
rCorr   .          Rampage  .    (no gloves)
Will    .....                    (no boots)
Stlth   ++++                     g - amulet of regeneration
HPRegen 1.06/turn                F - ring of protection from fire {rF+, !d}
MPRegen 0.10/turn                (no ring)

@: hasted, very quick
A: small, no large weapons, nightstalker 3
a: no special abilities


You were on level 4 of the Dungeon.
You visited 1 branch of the dungeon, and saw 5 of its levels.

You collected 186 gold pieces.

Inventory:

Hand Weapons
 a - a +2 short sword of draining (weapon)
Missiles
 j - 16 poisoned darts
Armour
 b - a +0 leather armour (worn)
Jewellery
 g - an amulet of regeneration (around neck)
   (You found it on level 3 of the Dungeon)
 h - an amulet of the acrobat
   (You found it on level 4 of the Dungeon)
 k - an amulet of faith
   (You found it on level 4 of the Dungeon)
 F - a ring of protection from fire (left hand) {rF+, !d}
   (You found it on level 4 of the Dungeon)
Wands
 d - a wand of digging (3)
 i - a wand of iceblast (8)
   (You found it on level 4 of the Dungeon)
Scrolls
 c - a scroll of fog
 e - a scroll of identify {@r1}
 E - a scroll of fear
 X - a scroll of magic mapping {@r4!r}
 Y - 2 scrolls of teleportation {@r3}
Potions
 B - 2 potions of brilliance
 H - a potion of haste
 I - a potion of invisibility
 J - a potion of curing {@q1}


   Skills:
 - Level 3.2 Fighting
 + Level 7.9 Short Blades
 - Level 2.4 Dodging
 - Level 6.6 Stealth


You had 5 spell levels left.
You didn't know any spells.
Your spell library contained the following spells:

 Spells                   Type           Power      Damage    Failure   Level
 Ensorcelled Hibernation  Hex/Ice        0%         N/A       56%         2
 Gell's Gravitas          Tloc           0%         N/A       80%         3
 Portal Projectile        Hex/Tloc       0%         N/A       80%         3
 Spider Form              Tmut/Pois      0%         N/A       80%         3
 Teleport Other           Tloc           0%         N/A       80%         3
 Tukima's Dance           Hex            0%         N/A       80%         3
 Anguish                  Hex/Necr       0%         N/A       99%         4
 Blade Hands              Tmut           0%         N/A       100%        5
 Dispersal                Tloc           0%         N/A       100%        6


Dungeon Overview and Level Annotations

Branches:
Dungeon (5/15) Zot: 23746
 Temple: D:4-7

Altars:
Elyvilon
Qazlal
Sif Muna

Shops:
D:4 *

Annotations:
D:5 Dowan, Duvessa


Innate Abilities, Weirdness & Mutations

You are small and have problems with some larger weapons.
You are completely attuned to the shadows.


Message History

You hit the ball python.
You kill the ball python!
No target in view!
As you read the scroll of identify {@r1}, it crumbles to dust.
f - a potion of invisibility;
I - a potion of invisibility Health restored: 32 As you open the large door, it creaks loudly!
No target in view!
There is a large open door here.
F - a ring of protection from fire {rF+, !d}
F - a ring of protection from fire (left hand) {rF+, !d} You open the large door.
There is a large open door here.
You open the large door.
There is a large open door here.
You enter the shallow water.
Moving in this stuff is going to be slow.
Things that are here:
a +0 dagger; a kobold corpse You enter the shallow water.
Moving in this stuff is going to be slow.
You enter the shallow water.
Moving in this stuff is going to be slow.
You enter the shallow water.
Moving in this stuff is going to be slow.
You enter the shallow water.
Moving in this stuff is going to be slow.
You enter the shallow water.
Moving in this stuff is going to be slow.
You enter the shallow water.
Moving in this stuff is going to be slow.
You enter the shallow water.
Moving in this stuff is going to be slow.
You enter the shallow water.
Moving in this stuff is going to be slow.
You enter the shallow water.
Moving in this stuff is going to be slow.
You enter the shallow water.
Moving in this stuff is going to be slow.
You enter the shallow water.
Moving in this stuff is going to be slow.
The ogre shouts!
You hit the ogre. The ogre misses you.
You hit the ogre. You drain the ogre. You hit the ogre. The ogre misses you.
You barely miss the ogre. You puncture the ogre!
You kill the ogre!
Your Short Blades skill increases to level 7!
You have reached level 6!
Health restored: 37; MP restored: 6 You see here a +0 giant club.
You see here a +0 leather armour.
Done exploring.
Done exploring.
(D) Dungeon
Where to? (Enter - D:4, ? - help)
There is a stone staircase leading down here.
You see here a +0 club.
You climb downwards.
Duvessa shouts!
There is a stone staircase leading up here.
There are monsters nearby!
The troll shouts!
You hit Duvessa.
Dowan casts a spell at Duvessa.
Duvessa seems to speed up.
Duvessa barely misses you.
Unknown command.
Unknown command.
Duvessa hits you with a +0 short sword! The troll bites you.
The troll barely misses you. The troll claws you.
You climb upwards.
There is a stone staircase leading down here.
You see here a +0 club.
You take 11 damage, and have 26/37 hp.
MASSIVE DAMAGE!!
You hit the troll. You drain the troll. You closely miss the troll.
Your punch misses the troll. The troll bites you!
* * * LOW HITPOINT WARNING * * *
The troll claws you but does no damage. The troll barely misses you.
You take 15 damage, and have 11/37 hp.
MASSIVE DAMAGE!!
You closely miss the troll. The troll bites you.
* * * LOW HITPOINT WARNING * * *
The troll misses you. The troll closely misses you.
You hit the troll but do no damage. You drain the troll. You hit the troll.
A kobold comes into view.
It is wielding a +0 whip and quivering poisoned darts.
The troll closely misses you. x2; The troll completely misses you.
The kobold shouts!
You hit the troll. The troll barely misses you.
The troll claws you but does no damage. The troll claws you.
* * * LOW HITPOINT WARNING * * *
You take 4 damage, and have 8/37 hp.
You feel yourself speed up. The troll bites you.
* * * LOW HITPOINT WARNING * * *
The troll claws you.
* * * LOW HITPOINT WARNING * * *
The troll claws you.
You die...

#.....>..###.# #.#..
######.......# #[### #..###..#
#.# #....#..########.#
#####.#...........#.##
#####..........######....##
##.....#####.#######....#...
#8........................##
#......####@TK######.#.#.##
#..<....##.....#####.#.#.#
######..................#.#.#.# #
#...[.....∩...........#.......###
#.........................#.####.
#.####.#....>.........#####.# #.
#.# #.#.............## #.# ##
#.####.#.#....8.....#######.# #.
#...........####............####.


You could see a troll (drained) and a kobold.

Vanquished Creatures
  An ogre (D:4)
  5 adders
  An ufetubus (D:4)
  2 dart slugs
  An orc (D:3)
  8 endoplasms
  5 giant cockroaches
  6 goblins
  5 hobgoblins
  10 jackals
  3 kobolds
  2 quokkas
  6 ball pythons
  10 bats
  3 frilled lizards (D:1)
  5 rats
73 creatures vanquished.

Vanquished Creatures (others)
  26 plants (D:4)
26 creatures vanquished.

Grand Total: 99 creatures vanquished

Notes
Turn   | Place    | Note
-------+----------+-------------------------------------------
     0 | D:5      | sokol815 the Kobold Delver began the quest for the Orb.
     0 | D:5      | Reached XP level 1. HP: 14/14 MP: 1/1
    81 | D:4      | Noticed an ogre
   125 | D:4      | Found a stormy altar of Qazlal.
   143 | D:4      | Reached skill level 3 in Short Blades
   319 | D:1      | Reached XP level 2. HP: 16/19 MP: 2/2
   458 | D:1      | Reached skill level 4 in Short Blades
   570 | D:1      | Reached XP level 3. HP: 23/23 MP: 3/3
   953 | D:1      | Reached skill level 5 in Short Blades
  1381 | D:2      | Reached XP level 4. HP: 28/28 MP: 4/4
  1762 | D:2      | Reached skill level 6 in Short Blades
  2071 | D:3      | Reached XP level 5. HP: 32/32 MP: 5/5
  2115 | D:3      | Found a shimmering blue altar of Sif Muna.
  2708 | D:4      | Found Vusan's General Store.
  3026 | D:4      | Found a white marble altar of Elyvilon.
  3393 | D:4      | Killed an ogre
  3394 | D:4      | Reached skill level 7 in Short Blades
  3394 | D:4      | Reached XP level 6. HP: 37/37 MP: 6/6
  3464 | D:5      | Noticed Duvessa
  3464 | D:5      | Noticed Dowan
  3464 | D:5      | Noticed a troll
  3473 | D:4      | HP: 8/37 [troll (5)]
  3474 | D:4      | Slain by a troll

Illustrated notes

Levels and vault maps discovered:
D:1:      lightli_arrival_maybe_door_vault, layout_loops_ring,
          kennysheep_decorative_pillar
D:2:      layout_loops_cross
D:3:      layout_loops_ring, nicolae_sif_muna_condensation
D:4:      layout_loops_ring, mainiacjoe_overflow_tiny_flanked,
          nicolae_qazlal_general_emergency, serial_bayou, serial_bayou_crossing,
          serial_bayou_pond_d, serial_bayou_lagoon_a, serial_bayou_pond_e,
          serial_bayou_shore_a, serial_shops, nicolae_stop_n_shop_1,
          hangedman_decor_push, minmay_misc_feat_columns,
          kennysheep_generic_room_15
D:5:      lemuel_castle_with_subvaults [lemuel_castle_interior_carwin_2],
          layout_cave_pods, mainiacjoe_overflow_six_doors_small,
          nicolae_wormholes, uniq_duvessa

Skill      XL: |  1  2  3  4  5 |
---------------+----------------+-----
Short Blades   | 3 4 5 6 7 |  7.9
Fighting       | |  3.2
Dodging        | |  2.4
Stealth        | |  6.6

Action                   |  1- 3 |  4- 6 || total
-------------------------+-------+-------++-------
Melee: Short sword       |   102 |    65 ||   167
Throw: Stone             |       |     3 ||     3
  Use: Scroll            |     2 |     9 ||    11
       Potion            |       |     1 ||     1
 Stab: Sleeping          |    15 |    19 ||    34
       Distracted        |     2 |     1 ||     3
Armor: Leather armour    |    22 |     9 ||    31
Dodge: Dodged            |    54 |    35 ||    89

Table legend: (Time is in decaauts)
 A = Elapsed time spent in this place.
 B = Non-inter-level travel time spent in this place.
 C = Inter-level travel time spent in this place.
 D = Time resting spent in this place.
 E = Time spent auto-exploring this place.
 F = Levels seen in this place.
 G = Mean time per level.
                   A        B        C        D        E       F      G
               +--------+--------+--------+--------+--------+-----+--------+
         Total |   3485 |   3367 |    118 |     16 |   2885 |   5 |  697.0 |
       Dungeon |   3485 |   3367 |    118 |     16 |   2885 |   5 |  697.0 |
               +--------+--------+--------+--------+--------+-----+--------+

Top non-repeatable levels by time:
     D:4: 1066 daAuts
     D:1: 1021 daAuts
     D:2: 740 daAuts
     D:3: 638 daAuts
     D:5: 19 daAuts

Table legend:
 A = Kills in this place as a percentage of kills in entire the game.
 B = Kills by you in this place as a percentage of kills by you in the entire game.
 C = Kills by friends in this place as a percentage of kills by friends in the entire game.
 D = Other kills in this place as a percentage of other kills in the entire game.
 E = Experience gained in this place as a percentage of experience gained in the entire game.
 F = Experience gained in this place divided by the number of levels of this place that you have seen.
                   A       B       C       D       E      F
               +-------+-------+-------+-------+-------+----------------------
         Total | 100.0 | 100.0 |   N/A |   N/A | 100.0 |  62.6
       Dungeon | 100.0 | 100.0 |   N/A |   N/A | 100.0 |  62.6
               +-------+-------+-------+-------+-------+----------------------
